 Dungeon Crawl Stone Soup version 0.23-a0-269-g65e0026 (webtiles) character file.

96189 mhoghedin the Fighter (level 16, -13/106 HPs)
             Began as a Kobold Gladiator on Sept 29, 2018.
             Was a High Priest of Elyvilon.
             Mangled by an orc warrior
             ... wielding a +0 halberd of freezing
              (18 damage)
             ... on level 15 of the Dungeon on Sept 30, 2018.
             The game lasted 01:03:01 (30447 turns).

mhoghedin the Fighter (Kobold Gladiator)           Turns: 30447, Time: 01:03:01

Health: -13/106    AC: 21    Str: 22    XL:     16   Next: 65%
Magic:  25/25      EV: 16    Int:  7    God:    Elyvilon [*****.]
Gold:   784        SH:  0    Dex: 20    Spells: 15/15 levels left

rFire    + . .     SeeInvis +   b - +11 hand axe of Hyriucak {chop, rElec rC+++ Stlth-}
rCold    + + +     Gourm    .   (shield restricted)
rNeg     . . .     Faith    +   Y - +3 plate armour {rF+}
rPois    .         Spirit   .   z - +2 helmet
rElec    +         Reflect  .   I - scarf {repulsion}
rCorr    .         Harm     .   R - +0 pair of gloves
MR       ++...                  (no boots)
Stlth    ..........             c - amulet of faith {Faith, !P}
HPRegen  0.27/turn              i - ring of Baomedgho {MR+ Str+3 Int-4 Dex+4 Stlth-}
MPRegen  0.19/turn              k - ring of see invisible {sInv, !d}

@: studying Armour, repel missiles
A: small, carnivore, strong 1, wild magic 1
a: Lesser Healing, Heal Other, Purification, Greater Healing, Divine Vigour,
Divine Protection, Renounce Religion


You were on level 15 of the Dungeon.
You worshipped Elyvilon.
Elyvilon was extremely pleased with you.
You were not hungry.

You visited 2 branches of the dungeon, and saw 21 of its levels.
You also visited: Labyrinth and Ossuary.

You collected 1484 gold pieces.
You spent 700 gold pieces at shops.

Inventory:

Hand Weapons
 a - a +0 arbalest of freezing
   (You took it off a yaktaur on level 7 of the Dungeon)
 b - the +11 hand axe of Hyriucak (weapon) {chop, rElec rC+++ Stlth-}
   (You found it on level 4 of the Dungeon)

   It inflicts extra damage upon your enemies.
   It renders you almost immune to cold.
   It insulates you from electricity.
   It makes you less stealthy.
 l - a +6 broad axe of chopping
   (You found it on level 7 of the Dungeon)
 J - a +3 hand axe of flaming
   (You took it off an orc on level 3 of the Dungeon)
Missiles
 d - 6 throwing nets {=f, !d}
 K - 151 bolts
Armour
 z - a +2 helmet (worn)
   (You found it on level 11 of the Dungeon)
 I - a scarf of repulsion (worn)
   (You found it on level 1 of the Lair of Beasts)
 N - a scarf of cloud immunity
   (You found it on level 14 of the Dungeon)
 R - a +0 pair of gloves (worn)
   (You found it on level 3 of the Lair of Beasts)
 Y - a +3 plate armour of fire resistance (worn)
   (You found it in a labyrinth)
Jewellery
 c - an amulet of faith (around neck) {Faith, !P}
   (You found it on level 5 of the Lair of Beasts)
 i - the ring of Baomedgho (left hand) {MR+ Str+3 Int-4 Dex+4 Stlth-}
   (You found it in a labyrinth)

   [ring of attention]

   It affects your strength (+3).
   It affects your intelligence (-4).
   It affects your dexterity (+4).
   It affects your resistance to hostile enchantments.
   It makes you less stealthy.
 k - a ring of see invisible (right hand) {sInv, !d}
   (You found it on level 1 of the Dungeon)
 D - an uncursed ring of poison resistance {rPois, !d}
   (You found it on level 5 of the Dungeon)
 M - an uncursed ring of protection from fire {rF+, !d}
   (You found it on level 13 of the Dungeon)
Wands
 t - a wand of disintegration (16)
   (You found it on level 7 of the Dungeon)
 A - a wand of paralysis (37)
   (You found it on level 7 of the Dungeon)
 C - a wand of polymorph (31)
   (You found it on level 5 of the Dungeon)
 F - a wand of scattershot (1)
   (You found it on level 7 of the Dungeon)
 H - a wand of acid (4)
   (You found it in a labyrinth)
 L - a wand of iceblast (19)
   (You found it on level 3 of the Lair of Beasts)
 S - a wand of digging (16)
   (You found it on level 4 of the Lair of Beasts)
Scrolls
 g - 17 scrolls of remove curse
 u - 8 scrolls of teleportation
 y - 5 scrolls of fear
 B - 4 scrolls of immolation {!r}
 O - 2 scrolls of brand weapon
 P - a scroll of fog
 Q - a scroll of amnesia
 T - 4 scrolls of magic mapping {!r}
 Z - 4 scrolls of blinking {!r}
Potions
 e - 6 potions of flight
 h - 2 potions of cancellation
 j - 7 potions of curing
 n - 3 potions of haste
 p - a potion of magic {unknown}
 q - 3 potions of heal wounds
 r - 5 potions of brilliance
 s - 3 potions of mutation {!q}
 v - 3 potions of resistance
 w - 2 potions of agility
 x - a potion of ambrosia
 E - 4 potions of lignification {!q}
Books
 o - a manual of Armour {!d}
   (You found it in a labyrinth)
Miscellaneous
 m - a phial of floods
   (You found it in a labyrinth)
 U - a fan of gales
   (You found it on level 6 of the Lair of Beasts)
 V - a sack of spiders
 W - a lightning rod (3/4)
   (You found it on level 11 of the Dungeon)
Comestibles
 f - 34 rations


   Skills:
 - Level 14.2 Fighting
   Level 3.4 Long Blades
 - Level 13.9 Axes
 + Level 5.5 Crossbows
 - Level 2.1 Throwing
 + Level 7.5 Armour
 - Level 10.8 Dodging
 - Level 12.4 Invocations


You had 15 spell levels left.
You didn't know any spells.
Your spell library contained the following spells:

 Spells                   Type           Power        Failure   Level  Hunger
 Animate Skeleton         Necr           N/A          100%        1    ##.....
 Confusing Touch          Hex            #.....       100%        1    ##.....
 Shock                    Conj/Air       #...         100%        1    ##.....
 Sting                    Conj/Pois      #...         100%        1    ##.....
 Poisonous Vapours        Pois/Air       #.....       100%        2    ###....
 Confuse                  Hex            #.......     100%        3    ####...
 Conjure Flame            Conj/Fire      #.......     100%        3    ####...
 Gell's Gravitas          Tloc           #.........   100%        3    ####...
 Mephitic Cloud           Conj/Pois/Air  #.......     100%        3    ####...
 Animate Dead             Necr           N/A          100%        4    #####..
 Petrify                  Tmut/Erth      #.......     100%        4    #####..
 Agony                    Necr           #.......     100%        5    ######.
 Lightning Bolt           Conj/Air       #.........   100%        5    ######.
 Metabolic Englaciation   Hex/Ice        #.........   100%        5    ######.
 Yara's Violent Unravell  Hex/Tmut       #.........   100%        5    ######.
 Freezing Cloud           Conj/Ice/Air   #.........   100%        6    #######
 Ring of Flames           Chrm/Fire      #.........   100%        7    #######


Dungeon Overview and Level Annotations

Branches:
Dungeon (15/15)            Temple (0/1) D:4            Lair (6/6) D:8
  Swamp (0/4) Lair:2        Snake (0/4) Lair:3          Orc (0/2) D:11
 Vaults (0/5) D:13         Depths (0/5) D:15
  Slime: Lair:5-6

Altars:
Cheibriados
Dithmenos
Elyvilon
Kikubaaqudgha
Makhleb
Sif Muna
Wu Jian
Xom

Shops:
D:7 !

Portals:
Trove: D:11 (show slimy rune of Zot)

Annotations:
D:9 exclusion: oklob plant
Lair:1 3 runed doors, Amnesiac's ghost, journeyman DgTm
Lair:6 exclusion: oklob plant


Innate Abilities, Weirdness & Mutations

You are small and have problems with some larger weapons.
You are carnivorous and can eat meat at any time.
Your muscles are strong. (Str +2)
Your spells are a little harder to cast, but a little more powerful.


Message History

The troll shouts!
A troll is nearby!
An orc comes into view. It is wielding a dagger.
An orc warrior comes into view. It is wielding a halberd of freezing.
The orc warrior shouts!
The orc warrior throws a stone.
The stone is repelled.
An orc comes into view. It is wielding a hand axe.
An orc comes into view. It is wielding a club.
The troll bites you. The troll claws you. The troll barely misses you.
You closely miss the troll.
The orc shouts!
You hit the troll. The troll misses you. The troll closely misses you.
The troll barely misses you.
You hit the troll. You slash the troll! You closely miss the orc.
The troll bites you. The troll claws you but does no damage.
The troll claws you! The orc misses you.
You are too injured to fight recklessly!
You are too injured to fight recklessly!
You are too injured to fight recklessly!
You are too injured to fight recklessly!
You are too injured to fight recklessly!
You are too injured to fight recklessly!
You are too injured to fight recklessly!
You are too injured to fight recklessly!
You are too injured to fight recklessly!
You are too injured to fight recklessly!
You take 16 damage, and have 57/106 hp.
You are too injured to fight recklessly!
You are too injured to fight recklessly!
The orc warrior throws a stone.
The stone misses you.
You see here 2 stones.
The orc warrior throws a stone.
The stone closely misses you.
There is an open door, spattered with blood here.
Things that are here:
3 large rocks {!d}; a cyclops corpse The troll misses you.
The troll closely misses you. The troll completely misses you.
You are too injured to fight recklessly!
You hit the troll. The troll barely misses you.
The troll completely misses you. The troll claws you.
You take 2 damage, and have 56/106 hp.
You slash the troll! You slash the troll!
You kill the troll!
The orc barely misses you.
You see here a troll corpse.
You are too injured to fight recklessly!
A centaur warrior comes into view.
The centaur warrior wields a longbow.
The centaur warrior shoots an arrow.
The arrow hits you.
You see here an arrow.
You take 1 damage, and have 57/106 hp.
Your +0 arbalest of freezing is covered in frost.
a - a +0 arbalest of freezing (weapon)
The centaur warrior shoots an arrow.
The arrow is repelled.
The orc barely misses you.
The orc warrior hits you from afar with a halberd of freezing.
The orc warrior freezes you.
You take 9 damage, and have 48/106 hp.
You are too injured to fight recklessly!
The centaur warrior shoots an arrow.
The arrow barely misses you.
You see here an arrow.
You are too injured to fight recklessly!
You are too injured to fight recklessly!
You are too injured to fight recklessly!
You are too injured to fight recklessly!
The centaur warrior shoots an arrow.
The arrow hits you!
There is an open door here.
You see here an arrow.
You take 12 damage, and have 36/106 hp.
The orc warrior hits you but does no damage.
The orc warrior throws a stone.
The stone hits you but does no damage.
You see here a stone.
Firing (i - inventory. (/) - cycle)
K - 153 bolts (quivered)
Aim: an orc, wielding a hand axe and wearing a ring mail You shoot a bolt.
The bolt hits the orc.
The bolt freezes the orc.
You kill the orc!
The centaur warrior shoots an arrow.
The arrow is repelled.
The centaur warrior shoots an arrow.
The arrow hits you!
* * * LOW HITPOINT WARNING * * *
You take 7 damage, and have 30/106 hp.
Firing (i - inventory. (/) - cycle)
K - 152 bolts (quivered)
Aim: a centaur warrior, wielding a longbow You shoot a bolt.
The bolt barely misses the centaur warrior.
The bolt barely misses the orc warrior.
The bolt barely misses the orc.
The centaur warrior shoots an arrow.
The arrow hits you!
* * * LOW HITPOINT WARNING * * *
You take 14 damage, and have 16/106 hp.
Your +0 arbalest of freezing stops glowing.
b - the +11 hand axe of Hyriucak (weapon)
{chop, rElec rC+++ Stlth-} The centaur warrior shoots an arrow.
The arrow hits you!
* * * LOW HITPOINT WARNING * * *
You take 12 damage, and have 4/106 hp.
The centaur warrior shoots an arrow.
The arrow barely misses you.
The centaur warrior unwields an uncursed longbow.
The centaur warrior closely misses you.
The orc warrior hits you from afar with a halberd of freezing!!
You die...

......#.........'
......#.........#
......#...#####c#
......######....#
......#.(.##....#
..(...#....o....#
....).#.†..((...#
......#(####(########
#.#'#..(...(.ooc@.((#
....#........######......#
....#.......## #.....#
#...........# ....##
##..........# ...#
.....##''##.'.# ...(#
[...##8..8##### ...# ##..
8....8 #### ... ....}


You could see a centaur warrior, an orc warrior and an orc.

Vanquished Creatures
  The ghost of Cycubueb the Cleaver, a journeyman MiFi of Okawaru (Lair:2)
  Fannar (D:10)
  2 vault guards (D:13)
  A rakshasa (D:15)
  3 hydras
  2 two-headed ogres
  3 centaur warriors
  A deep troll shaman (Lair:6)
  2 death yaks (Lair:6)
  A death knight (D:13)
  A tengu warrior (D:15)
  The ghost of MisterFreud the Destroyer, a novice NaFE of Cheibriados (D:8)
  A queen ant (Lair:6)
  4 skeletal warriors (D:14)
  A glowing orange brain (D:15)
  A deep troll (Lair:4)
  A lindwurm (Lair:5)
  A wizard (D:14)
  6 ugly things
  A cyclops (D:15)
  A deep elf mage (D:15)
  A manticore (D:11)
  7 elephants
  4 black mambas
  Maurice (D:8)
  A torpor snail (Lair:3)
  Psyche (D:10)
  A gargoyle (D:12)
  3 spiny frogs
  A yaktaur (D:7)
  5 trolls
  2 tengu conjurers
  A tyrant leech (D:13)
  A hornet (Lair:3)
  4 polar bears
  A raiju (shapeshifter) (D:15)
  3 slime creatures (D:15)
  13 blink frogs
  7 hippogriffs
  A dream sheep (shapeshifter) (D:14)
  6 dream sheep (Lair:4)
  A wyvern (D:12)
  3 vampires
  A wraith (D:13)
  63 yaks
  Grum (D:10)
  A steam dragon (D:10)
  8 vampire mosquitoes
  21 humans (D:13)
  4 hungry ghosts
  8 swamp worms
  Menkaure (Ossuary)
  18 soldier ants
  6 nagas (Lair:3)
  An acid dragon (D:7)
  2 insubstantial wisps (Lair:1)
  11 water moccasins
  8 porcupines
  8 ice beasts
  Duvessa (D:6)
  4 black bears
  2 orc warriors
  7 sky beasts
  An eye of draining (D:15)
  3 necrophages
  4 ogres
  13 wolves
  11 centaurs
  15 crocodiles
  3 big kobolds
  13 bullfrogs
  3 scorpions
  3 killer bees (D:7)
  An electric eel (Lair:1)
  A howler monkey (D:5)
  5 crimson imps
  A quasit (D:6)
  A gnoll shaman (D:8)
  2 bullfrog zombies
  5 hounds
  6 jellies
  10 orc priests
  22 orc wizards
  A bullfrog skeleton (D:6)
  5 centaur skeletons
  2 iguanas
  21 worker ants
  3 mummies (Ossuary)
  2 hound skeletons
  A worker ant zombie (D:5)
  8 gnolls
  A howler monkey skeleton (D:4)
  13 adders
  3 shadow imps
  2 oozes
  An adder zombie (D:7)
  2 adder skeletons
  A worm (D:2)
  2 dart slugs
  6 leopard geckos
  73 orcs
  7 bats
  4 giant cockroaches
  2 gnoll zombies (Ossuary)
  5 hobgoblins
  14 jackals
  6 quokkas
  A ball python (D:7)
  4 frilled lizards
  3 gnoll skeletons (Ossuary)
  7 goblins
  A goblin skeleton (Ossuary)
  3 goblin zombies (Ossuary)
  2 hobgoblin skeletons (Ossuary)
  4 hobgoblin zombies (Ossuary)
  25 kobolds
  2 kobold skeletons (Ossuary)
  A kobold zombie (Ossuary)
  A leopard gecko skeleton (D:7)
  A leopard gecko zombie (D:7)
  2 orc zombies (Ossuary)
  9 rats
  4 rat skeletons (Ossuary)
  2 rat zombies (Ossuary)
  2 fungi (Lair:6)
  4 plants
666 creatures vanquished.

Vanquished Creatures (others)
  A catoblepas (Lair:6)
  2 death yaks (Lair:6)
  2 spiny frogs
  A tyrant leech (Lair:3)
  6 blink frogs
  A hippogriff (Lair:5)
  A vampire (D:13)
  A yak (Lair:6)
  A vampire mosquito (Lair:1)
  2 swamp worms (Lair:3)
  2 water moccasins
  A crocodile (Lair:1)
  4 gnoll skeletons (Ossuary)
  2 goblin zombies (Ossuary)
  3 hobgoblin skeletons (Ossuary)
  3 hobgoblin zombies (Ossuary)
  3 kobold skeletons (Ossuary)
  2 kobold zombies (Ossuary)
  2 orc skeletons (Ossuary)
  An orc zombie (Ossuary)
  A rat skeleton (Ossuary)
  3 rat zombies (Ossuary)
  23 fungi
  13 plants
81 creatures vanquished.

Grand Total: 747 creatures vanquished

Notes
Turn   | Place    | Note
-------+----------+-------------------------------------------
     0 | D:1      | mhoghedin the Kobold Gladiator began the quest for the Orb.
     0 | D:1      | Reached XP level 1. HP: 12/12 MP: 1/1
    93 | D:1      | Reached XP level 2. HP: 16/18 MP: 2/2
   441 | D:1      | Reached skill level 4 in Dodging
   466 | D:1      | Reached XP level 3. HP: 18/22 MP: 3/3
   779 | D:2      | Reached skill level 3 in Fighting
   937 | D:2      | Reached XP level 4. HP: 26/28 MP: 4/4
   977 | D:2      | Reached skill level 3 in Long Blades
  1216 | D:2      | Found a white marble altar of Elyvilon.
  1429 | D:2      | Became a worshipper of Elyvilon the Healer
  1471 | D:2      | Found a faded altar of an unknown god.
  1629 | D:3      | Reached XP level 5. HP: 32/32 MP: 5/5
  1682 | D:3      | Reached skill level 1 in Invocations
  2122 | D:3      | Reached skill level 5 in Dodging
  2461 | D:3      | Reached * piety under Elyvilon
  2963 | D:4      | Found a snail-covered altar of Cheibriados.
  3267 | D:4      | Reached XP level 6. HP: 17/38 MP: 5/7
  3271 | D:4      | Got a transparent hand axe
  3272 | D:4      | Identified the +11 hand axe of Hyriucak {chop, rElec rC+++
                  | Stlth-} (You found it on level 4 of the Dungeon)
  3327 | D:4      | Found a sand-covered staircase.
  3337 | Ossuary  | Entered an ossuary
  3808 | Ossuary  | Reached skill level 1 in Axes
  3842 | Ossuary  | Noticed Menkaure
  3852 | Ossuary  | Killed Menkaure
  4112 | D:4      | Reached skill level 2 in Axes
  4154 | D:4      | Found a shimmering altar of Xom.
  4197 | D:4      | Reached skill level 4 in Fighting
  4253 | D:4      | Found a staircase to the Ecumenical Temple.
  4263 | D:4      | Reached XP level 7. HP: 42/43 MP: 8/8
  4393 | D:5      | Entered Level 5 of the Dungeon
  4557 | D:5      | Reached skill level 3 in Axes
  4613 | D:5      | Reached skill level 4 in Axes
  4711 | D:5      | Reached XP level 8. HP: 41/48 MP: 9/9
  4802 | D:5      | Reached skill level 5 in Axes
  4894 | D:5      | Reached ** piety under Elyvilon
  5063 | D:5      | Reached skill level 2 in Invocations
  6199 | D:6      | Reached skill level 5 in Fighting
  6225 | D:6      | Reached skill level 3 in Invocations
  6256 | D:6      | Reached skill level 6 in Dodging
  6305 | D:6      | Reached XP level 9. HP: 46/54 MP: 11/11
  6574 | D:6      | Reached *** piety under Elyvilon
  6592 | D:6      | Reached skill level 6 in Axes
  6592 | D:6      | Reached skill level 4 in Invocations
  6616 | D:6      | Noticed Duvessa
  6616 | D:6      | Noticed Dowan
  6626 | D:6      | Killed Duvessa
  6629 | D:6      | Noticed Dowan
  6629 | D:6      | Dowan changed into Dowan the ooze
  6631 | D:6      | Killed Dowan the ooze
  6784 | D:6      | Reached skill level 6 in Fighting
  6784 | D:6      | Reached skill level 7 in Dodging
  7288 | D:7      | Found Kauzaf's Distillery.
  7343 | D:7      | Reached skill level 5 in Invocations
  7526 | D:7      | Noticed a hippogriff
  7526 | D:7      | Noticed a yaktaur
  7537 | D:7      | Pacified a hippogriff
  7545 | D:7      | Reached XP level 10. HP: 43/61 MP: 12/14
  7561 | D:7      | Killed a yaktaur
  7561 | D:7      | Reached skill level 7 in Fighting
  7561 | D:7      | Reached skill level 8 in Dodging
  7767 | D:7      | Reached skill level 6 in Invocations
  7842 | D:7      | Reached skill level 7 in Axes
  7855 | D:7      | Got a bloodstained ring mail
  8023 | D:7      | Found an ancient bone altar of Kikubaaqudgha.
  8303 | D:4      | Identified the +1 ring mail of Zes Qoc {*Corrode +Fly rN+++
                  | Regen+} (You found it on level 7 of the Dungeon)
  8390 | D:8      | Found a large runed door.
  8390 | D:8      | Found a large runed door.
  8390 | D:8      | Noticed MisterFreud's ghost (novice NaFE)
  8406 | D:8      | HP: 7/63 [troll (10)]
  8406 | D:8      | HP: 3/63 [troll (4)]
  8805 | D:8      | Found a staircase to the Lair.
  8925 | D:8      | Found a burning altar of Makhleb.
  9096 | D:8      | Found Ucsuheank's Gadget Shoppe.
  9105 | D:8      | Noticed Maurice
  9113 | D:8      | Killed Maurice
  9113 | D:8      | Reached skill level 8 in Fighting
  9113 | D:8      | Reached skill level 9 in Dodging
  9127 | D:8      | Reached skill level 7 in Invocations
  9148 | D:8      | Found an ornate altar of the Wu Jian Council.
  9155 | D:8      | Reached **** piety under Elyvilon
  9500 | Lair:1   | Entered Level 1 of the Lair of Beasts
  9639 | Lair:1   | Noticed a komodo dragon
  9647 | Lair:1   | Pacified a komodo dragon
  9650 | Lair:1   | Reached XP level 11. HP: 54/69 MP: 13/16
 10230 | Lair:1   | Reached skill level 9 in Fighting
 10230 | Lair:1   | Reached skill level 8 in Axes
 10532 | Lair:1   | Reached skill level 10 in Dodging
 10532 | Lair:1   | Reached skill level 8 in Invocations
 11157 | Lair:1   | Found a runed gate.
 11157 | Lair:1   | Found a runed gate.
 11157 | Lair:1   | Found a runed gate.
 11165 | Lair:1   | Noticed a nine-headed hydra
 11166 | Lair:1   | Noticed a ten-headed hydra
 11166 | Lair:1   | Noticed Amnesiac's ghost (journeyman DgTm)
 11560 | Lair:2   | Killed a spiny frog
 12086 | Lair:2   | Found a runed door.
 12087 | Lair:2   | Noticed Cycubueb's ghost (journeyman MiFi)
 12342 | Lair:2   | Found a staircase to the Swamp.
 12352 | Lair:2   | Reached skill level 9 in Invocations
 12648 | Lair:3   | Reached XP level 12. HP: 77/77 MP: 18/18
 12688 | Lair:3   | Reached skill level 1 in Armour
 12734 | Lair:3   | Reached skill level 2 in Armour
 12770 | Lair:3   | Reached skill level 9 in Axes
 12918 | Lair:3   | Found a white marble altar of Elyvilon.
 13005 | Lair:3   | Reached skill level 3 in Armour
 13022 | Lair:3   | Found a staircase to the Snake Pit.
 13419 | Lair:3   | Reached skill level 4 in Armour
 13656 | Lair:3   | Noticed Sonja
 13663 | Lair:3   | Noticed Sonja
 13663 | Lair:3   | Sonja changed into Sonja the hornet
 13669 | Lair:3   | Killed Sonja the hornet
 13880 | Lair:3   | Noticed a four-headed hydra
 13889 | Lair:3   | Killed a one-headed hydra
 13968 | Lair:3   | HP: 19/77 [yak (4)]
 14529 | Lair:3   | Reached skill level 10 in Axes
 14534 | Lair:3   | Reached skill level 5 in Armour
 15162 | Lair:4   | Reached XP level 13. HP: 47/82 MP: 19/19
 15625 | Lair:4   | Reached skill level 6 in Armour
 15664 | Lair:4   | Noticed Nessos
 15665 | Lair:4   | Noticed Nessos
 15665 | Lair:4   | Nessos changed into Nessos the deep troll
 15683 | Lair:4   | Killed Nessos the deep troll
 15683 | Lair:4   | Reached skill level 10 in Fighting
 16116 | Lair:4   | Got an iridescent mace
 16291 | Lair:4   | Identified the +9 mace "Faalus" {venom, rF+ rC- MP+9} (You
                  | found it on level 4 of the Lair of Beasts)
 16348 | Lair:4   | Reached ***** piety under Elyvilon
 16742 | Lair:4   | Noticed a five-headed hydra
 16752 | Lair:4   | Killed a one-headed hydra
 16752 | Lair:4   | Reached skill level 11 in Axes
 17074 | Lair:5   | Reached skill level 11 in Fighting
 18373 | Lair:6   | Entered Level 6 of the Lair of Beasts
 19009 | Lair:6   | Reached skill level 12 in Fighting
 19139 | Lair:6   | Reached XP level 14. HP: 85/92 MP: 21/21
 19649 | Lair:6   | Reached skill level 12 in Axes
 19649 | Lair:6   | Reached skill level 10 in Invocations
 20016 | Lair:6   | Noticed an entropy weaver
 20019 | Lair:6   | Pacified an entropy weaver
 20042 | Lair:6   | Noticed an entropy weaver
 20049 | Lair:6   | Pacified an entropy weaver
 20726 | D:9      | Reached skill level 13 in Fighting
 21168 | D:9      | Found a shadowy altar of Dithmenos.
 21335 | D:7      | Bought a potion of experience for 700 gold pieces
 21335 | D:7      | Reached skill level 13 in Axes
 21335 | D:7      | Reached XP level 15. HP: 98/98 MP: 23/23
 21368 | D:8      | Killed MisterFreud's ghost
 21666 | Lair:2   | HP: 23/147 [Cycubueb's ghost (22)]
 21675 | Lair:2   | HP: 9/147 [Cycubueb's ghost (17)]
 21676 | Lair:2   | Killed Cycubueb's ghost
 21676 | Lair:2   | Reached skill level 11 in Invocations
 22372 | D:10     | Entered Level 10 of the Dungeon
 22388 | D:10     | Noticed Psyche
 22393 | D:10     | Killed Psyche
 22502 | D:10     | Noticed Fannar
 22521 | D:10     | Killed Fannar
 22660 | D:10     | Noticed Grum
 22676 | D:10     | Killed Grum
 22884 | D:11     | Upgraded the game from 0.23-a0-261-g133332c to
                  | 0.23-a0-269-g65e0026
 23115 | D:11     | Found a portal to a secret trove of treasure.
 23415 | D:11     | Found a staircase to the Orcish Mines.
 24150 | D:12     | Found a deep blue altar of Sif Muna.
 24443 | D:12     | Reached ****** piety under Elyvilon
 24780 | D:13     | Reached XP level 16. HP: 105/105 MP: 24/24
 25421 | D:13     | Found a gate to the Vaults.
 25422 | D:13     | Reached skill level 12 in Invocations
 25468 | D:13     | Reached skill level 14 in Fighting
 25794 | D:13     | Identified the amulet of Pelaog {Harm *Drain rPois rC+
                  | Stlth+} (You found it on level 13 of the Dungeon)
 25981 | D:13     | Gained mutation: Your spells are a little harder to cast,
                  | but a little more powerful. [potion of mutation]
 25981 | D:13     | Gained mutation: Your muscles are strong. (Str +2) [potion
                  | of mutation]
 26210 | D:13     | HP: 24/106 [vampire knight/vampiric draining (27)]
 26699 | D:13     | Found the +12 Vampire's Tooth {vamp}
 26812 | D:13     | Found a burning altar of Makhleb.
 27146 | D:14     | HP: 19/106 [skeletal warrior/dire flail of venom (20)]
 27162 | D:14     | HP: 24/106 [skeletal warrior/short sword[a skeletal
                  | warrior] (13)]
 27410 | D:14     | Reached skill level 1 in Crossbows
 27645 | D:14     | Reached skill level 2 in Crossbows
 27881 | D:15     | Entered Level 15 of the Dungeon
 27990 | D:15     | Found a labyrinth entrance.
 28001 | Lab      | Entered a labyrinth
 29421 | Lab      | Reached skill level 3 in Crossbows
 29434 | Lab      | Identified the Incunabulum of Unholy Combat Magic
 29442 | Lab      | Got a flickering platinum ring
 29443 | Lab      | Got an ancient shortbow
 29445 | Lab      | Identified the +9 shortbow of Fymp {freeze, rF+ rC+} (You
                  | found it in a labyrinth)
 29446 | Lab      | Identified the ring of Baomedgho {MR+ Str+3 Int-4 Dex+4
                  | Stlth-} (You found it in a labyrinth)
 29572 | D:15     | Identified the cursed +0 falchion "Cizuotuf" {slice, rPois
                  | Int+3} (You took it off a tengu conjurer on level 15 of the
                  | Dungeon)
 29816 | D:15     | HP: 25/106 [rakshasa/whip (1)]
 30171 | D:15     | Reached skill level 4 in Crossbows
 30300 | D:15     | Reached skill level 7 in Armour
 30308 | D:15     | Reached skill level 5 in Crossbows
 30309 | D:15     | HP: 25/106 [slime creature (12)]
 30328 | D:15     | Found a staircase to the Depths.
 30444 | D:15     | HP: 16/106 [centaur warrior/arrow (14)]
 30445 | D:15     | HP: 4/106 [centaur warrior/arrow (12)]
 30447 | D:15     | Mangled by an orc warrior

Vault maps used:
D:1:      dpeg_arrival_orchard, serial_park_tiny_1
D:2:      marbit_many_paths, chequers_ecumenical_altar_grove, first_ration
D:3:      minmay_misc_feat_nine_boxes
D:4:      kennysheep_slug_shrine, overflow_temple_1_default,
          minmay_temple_entry_glass, nicolae_ossuary_entry_ruins
D:6:      uniq_duvessa
D:7:      minmay_the_grid_plus, kennysheep_mini, serial_shops, shop,
          grunt_ogre_cave
D:8:      old_standard_altar, makhleb_heckhound_becter, dpeg_oklobed_lair,
          ebering_ghost_disaster_area, serial_shops, shop, uniq_maurice
D:9:      lemuel_oklob_altar
D:10:     uniq_grum, uniq_psyche, uniq_fannar
D:11:     hiddenorc2_lemuel, serial_co_window_serial, co_window_paths_b,
          co_window_paths_b, co_window_paths_a, co_window_paths_a,
          co_window_corner_a, co_window_paths_b, co_window_paths_c,
          co_window_cross_2, co_window_broadway_b, co_window_corner_b,
          co_window_broadway_a, co_window_2corner, co_window_paths_d,
          glass_columns_c, glass_columns_b, glass_columns_a, glass_columns_c,
          glass_columns_b, enter_trove_0
D:12:     minmay_misc_feat_iff, led_sif_book
D:13:     grunt_vaults_entry_tiered, basic_altar,
          minmay_guarded_unrand_vampires_tooth
D:15:     gammafunk_enter_depths_forms, special_room, lab_entry_generic,
          minmay_misc_feat_secret_circle, minmay_hollow_rounded_squares
Lair:1:   gammafunk_ghost_hydra_chop, pond, infiniplex_staircase_pool
Lair:2:   minmay_swamp_entry_worms, gammafunk_ghost_grave
Lair:3:   minmay_snake_entry_guardpost_medium, basic_altar, worms_lemuel,
          grunt_megastairs_3, uniq_sonja
Lair:4:   uniq_nessos
Lair:5:   lemuel_fruit_fields
Lair:6:   grunt_lair_end_beastmaster, minmay_slime_entry_oklob_enclosed,
          zaba_antful_of_joy, grunt_megastairs_1, infiniplex_staircase_pool_2
Ossuary:  ossuary_due_pyramid

Skill      XL: |  1  2  3  4  5  6  7  8  9 10 11 12 13 14 15 16 |
---------------+-------------------------------------------------+-----
Dodging        | 4 5 6 7 9 10 | 10.8
Fighting       | 3 4 5 6 8 9 12 13 14 | 14.2
Long Blades    | 3 |  3.4
Invocations    | 1 3 5 7 9 10 11 12 | 12.4
Axes           | 2 4 5 6 7 8 10 11 13 | 13.9
Armour         | 5 6 7 |  7.5
Crossbows      | 5 |  5.5
Throwing       | |  2.1

Action                   |  1- 3 |  4- 6 |  7- 9 | 10-12 | 13-15 | 16-18 || total
-------------------------+-------+-------+-------+-------+-------+-------++-------
Melee: Long sword        |    71 |   124 |       |       |       |       ||   195
       Falchion          |       |    14 |       |       |       |       ||    14
       Hand axe          |       |    58 |   222 |   550 |   891 |   355 ||  2076
       Broad axe         |       |       |       |     3 |    33 |    40 ||    76
 Fire: Arbalest          |       |       |       |       |       |    44 ||    44
Invok: Heal Other        |       |       |     1 |    19 |    36 |    12 ||    68
       Greater Healing   |       |       |       |       |       |     8 ||     8
       Purification      |       |       |       |       |       |     1 ||     1
Evoke: Wand              |       |       |     2 |    12 |    18 |    17 ||    49
       Lightning rod     |       |       |       |       |     3 |     2 ||     5
  Use: Scroll            |       |     5 |    13 |    10 |    10 |     7 ||    45
       Potion            |       |       |       |     3 |     6 |     7 ||    16
 Stab: Sleeping          |       |     2 |       |       |       |       ||     2
       Paralysed         |       |       |       |     9 |     5 |       ||    14
       Invisible         |       |       |       |     3 |     6 |       ||     9
  Eat: Chunk             |     6 |     3 |    15 |    36 |    44 |    16 ||   120
       Ration            |       |     1 |     2 |     1 |       |     7 ||    11
Armor: Leather armour    |    12 |    27 |     8 |       |       |       ||    47
       Scale mail        |       |       |    34 |   131 |   207 |    76 ||   448
       Skin              |       |       |       |       |     9 |       ||     9
       Plate armour      |       |       |       |       |       |    44 ||    44
Dodge: Dodged            |    84 |   169 |   170 |   388 |   594 |   285 ||  1690
       Deflected         |       |       |       |       |    13 |    12 ||    25
       Rpst.: Long sword |    23 |    40 |       |       |       |       ||    63
       Falchion          |       |     3 |       |       |       |       ||     3

Table legend:
 A = Non-vault XP
 B = Vault XP
 C = Vault XP percentage of total XP
 D = Non-vault monster count
 E = Vault monster count
 F = Vault count percentage of total count
                 A         B        C        D         E       F
            +---------+---------+-------+---------+---------+-------
      Total |   58099 |   35066 |  37.6 |     451 |     203 |  31.0
            +---------+---------+-------+---------+---------+-------
        D:1 |      49 |       0 |   0.0 |      27 |       0 |   0.0
        D:2 |      68 |       1 |   1.4 |      24 |       1 |   4.0
        D:3 |     105 |       0 |   0.0 |      19 |       0 |   0.0
        D:4 |     209 |       4 |   1.9 |      14 |       1 |   6.7
        D:5 |    1054 |       0 |   0.0 |      31 |       0 |   0.0
        D:6 |    1101 |     145 |  11.6 |      20 |       2 |   9.1
        D:7 |     888 |    1201 |  57.5 |      26 |      17 |  39.5
        D:8 |    1400 |    1340 |  48.9 |      22 |       3 |  12.0
        D:9 |    2405 |       0 |   0.0 |      26 |       0 |   0.0
       D:10 |    1761 |    2132 |  54.8 |      21 |       7 |  25.0
       D:11 |    2360 |     465 |  16.5 |      17 |      32 |  65.3
       D:12 |    3111 |      77 |   2.4 |      23 |       2 |   8.0
       D:13 |    5286 |    6942 |  56.8 |      27 |      27 |  50.0
       D:14 |    6131 |     181 |   2.9 |      17 |       1 |   5.6
       D:15 |    3986 |    6715 |  62.8 |      14 |      13 |  48.1
     Lair:1 |    3812 |    1040 |  21.4 |      20 |       6 |  23.1
     Lair:2 |    1548 |    1514 |  49.4 |      11 |       3 |  21.4
     Lair:3 |    5597 |    2924 |  34.3 |      24 |      20 |  45.5
     Lair:4 |    6845 |     683 |   9.1 |      26 |       1 |   3.7
     Lair:5 |    3687 |       0 |   0.0 |      15 |       0 |   0.0
     Lair:6 |    6696 |    9587 |  58.9 |      27 |      46 |  63.0
    Ossuary |       0 |     115 | 100.0 |       0 |      21 | 100.0
            +---------+---------+-------+---------+---------+-------

Vault maps used:
D:1:      dpeg_arrival_orchard, serial_park_tiny_1
D:2:      marbit_many_paths, chequers_ecumenical_altar_grove, first_ration
D:3:      minmay_misc_feat_nine_boxes
D:4:      kennysheep_slug_shrine, overflow_temple_1_default,
          minmay_temple_entry_glass, nicolae_ossuary_entry_ruins
D:6:      uniq_duvessa
D:7:      minmay_the_grid_plus, kennysheep_mini, serial_shops, shop,
          grunt_ogre_cave
D:8:      old_standard_altar, makhleb_heckhound_becter, dpeg_oklobed_lair,
          ebering_ghost_disaster_area, serial_shops, shop, uniq_maurice
D:9:      lemuel_oklob_altar
D:10:     uniq_grum, uniq_psyche, uniq_fannar
D:11:     hiddenorc2_lemuel, serial_co_window_serial, co_window_paths_b,
          co_window_paths_b, co_window_paths_a, co_window_paths_a,
          co_window_corner_a, co_window_paths_b, co_window_paths_c,
          co_window_cross_2, co_window_broadway_b, co_window_corner_b,
          co_window_broadway_a, co_window_2corner, co_window_paths_d,
          glass_columns_c, glass_columns_b, glass_columns_a, glass_columns_c,
          glass_columns_b, enter_trove_0
D:12:     minmay_misc_feat_iff, led_sif_book
D:13:     grunt_vaults_entry_tiered, basic_altar,
          minmay_guarded_unrand_vampires_tooth
D:15:     gammafunk_enter_depths_forms, special_room, lab_entry_generic,
          minmay_misc_feat_secret_circle, minmay_hollow_rounded_squares
Lair:1:   gammafunk_ghost_hydra_chop, pond, infiniplex_staircase_pool
Lair:2:   minmay_swamp_entry_worms, gammafunk_ghost_grave
Lair:3:   minmay_snake_entry_guardpost_medium, basic_altar, worms_lemuel,
          grunt_megastairs_3, uniq_sonja
Lair:4:   uniq_nessos
Lair:5:   lemuel_fruit_fields
Lair:6:   grunt_lair_end_beastmaster, minmay_slime_entry_oklob_enclosed,
          zaba_antful_of_joy, grunt_megastairs_1, infiniplex_staircase_pool_2
Ossuary:  ossuary_due_pyramid

Table legend:
 A = Turns spent in this place as a percentage of turns spent in the entire game.
 B = Non-inter-level travel turns spent in this place as a percentage of non-inter-level travel turns spent in the entire game.
 C = Inter-level travel turns spent in this place as a percentage of turns spent in this place.
 D = Turns resting spent in this place as a percentage of non-inter-level travel turns spent in this place.
 E = Turns spent auto-exploring this place as a percentage of non-inter-level travel turns spent in this place.
 F = Non-inter-level travel turns spent in this place divided by the number of levels of this place that you've seen.
                   A       B       C       D       E      F
               +-------+-------+-------+-------+-------+----------------------
         Total | 100.0 | 100.0 |   4.0 |  36.5 |  40.4 | 1270.4
       Dungeon |  54.2 |  53.4 |   5.5 |  32.2 |  49.0 | 1040.1
          Lair |  38.4 |  39.0 |   2.7 |  45.2 |  35.3 | 1897.0
     Labyrinth |   4.8 |   5.0 |   0.0 |   0.0 |   0.0 | 1465.0
       Ossuary |   2.5 |   2.6 |   0.0 |  62.6 |  17.9 | 771.0
               +-------+-------+-------+-------+-------+----------------------

Table legend:
 A = Kills in this place as a percentage of kills in entire the game.
 B = Kills by you in this place as a percentage of kills by you in the entire game.
 C = Kills by friends in this place as a percentage of kills by friends in the entire game.
 D = Other kills in this place as a percentage of other kills in the entire game.
 E = Experience gained in this place as a percentage of experience gained in the entire game.
 F = Experience gained in this place divided by the number of levels of this place that you have seen.
                   A       B       C       D       E      F
               +-------+-------+-------+-------+-------+----------------------
         Total | 100.0 | 100.0 |   N/A | 100.0 | 100.0 | 4050.7
       Dungeon |  66.4 |  66.7 |   N/A |   0.0 |  52.7 | 3274.5
          Lair |  30.4 |  30.1 |   N/A | 100.0 |  47.2 | 7322.2
       Ossuary |   3.2 |   3.2 |   N/A |   0.0 |   0.1 | 115.0
               +-------+-------+-------+-------+-------+----------------------
